Connexion

Americans vs Moose

Created - 12 janvier 2024 at 05:54

Goals
1 2 3 T
Americans 2 2 1 5
Moose 0 1 5 6
Shots
1 2 3 T
Americans 15 19 12 46
Moose 6 10 17 33

GoalsPenalties
1st period
1. Americans , Matt Lorito 17 (Cameron Hughes 20, Ross Johnston 28) at 4:38
2. Americans , Sean Malone 7 (Riley Tufte 8, Mattias Samuelsson 16) at 14:33
Fredrik Claesson (MAN) for Interference (Minor) at 4:43
Fredrik Claesson (MAN) for High sticking (Minor) at 12:22
Mathieu Olivier (MAN) for Interference (Minor) at 18:14
2nd period
3. Americans , Andrew Agozzino 19 (Cole Hults 25, Tanner Fritz 16) at 6:30
4. Americans , Cameron Hughes 22 (Andrew Peeke 15, Matt Lorito 27) at 13:11
5. Moose , Filip Chlapik 15 (Isaac Ratcliffe 10, Derrick Pouliot 31) at 13:29
Filip Chlapik (MAN) for Tripping (Minor) at 14:17
3rd period
6. Americans , Andrew Peeke 4 (Joseph Duszak 16, Cameron Hughes 21) at 1:25 (PP)
7. Moose , Cameron Schilling 6 (Mathieu Olivier 18, Derrick Pouliot 32) at 2:39
8. Moose , Remi Elie 12 (Jake Virtanen 47, Fredrik Claesson 34) at 5:48
9. Moose , Pierre Engvall 27 (Filip Chlapik 23, Xavier Ouellet 12) at 7:46
10. Moose , Thomas Hickey 7 (Fredrik Claesson 35, Jordan Martinook 10) at 17:14 (PP)
11. Moose , Mathieu Olivier 13 (Xavier Ouellet 13) at 17:57
Jake Virtanen (MAN) for Slashing (Minor) at 0:05
Mattias Samuelsson (POR) for Cross-checking (Minor) at 13:59
Mattias Samuelsson (POR) for Cross-checking (Minor) at 16:35
Goalie Stats
Alex Starlock (POR), 27 saves from 33 shots - (0,818), L, 27-17-0, 59:29 minutes
Kaden Fulcher (MAN), 41 saves from 46 shots - (0,891), W, 33-18-4, 60:00 minutes
3 StarsOfficial
1 - Mathieu Olivier (MAN)
2 - Andrew Peeke (POR)
3 - Filip Chlapik (MAN)
Referees : Chris Rooney and Don VanMassenhoven
Linesman : Scott Driscoll and Tim Nowak
Game Note
Damien Giroux is injured at 15:48 of 3rd period (Concussion)
Finance
Level 1 -- Attendance: 2000 (100,00%) -- Ticket Income $70,000
Level 2 -- Attendance: 1000 (100,00%) -- Ticket Income $15,000
Total Attendance: 3000 (100,00%)
Total Ticket Income: $85,000
Other Income: $17,000
Total Income: $102,000



Team Name Goals Shots Shots Attemp Shots Blocked PIM HIT PP PK FO%
Americans 5468094261 / 5 (20%)154%
Moose 633601010231 / 2 (50%)146%

Americans
Player Name POS G A P +/- PIM HIT SHT SB MP PP MP PP SHT PK MP PK SHT FO% FOT
Andrew AgozzinoC/LW1010038123:015:3202:100100% 1
Andrew PeekeD112-1042322:433:4620:5600% 0
Cameron HughesC/LW123-1003017:423:0410:00062% 21
Cole HultsD0110010117:360:5801:1400% 0
Joseph DuszakD011-1012122:314:3120:5400% 0
Kyle OkposoC/RW0000003121:195:3200:2800% 0
Kyle RauC/LW/RW000-1002011:470:0000:1000% 1
Matt LoritoLW/RW112-1003017:423:0400:000100% 1
Mattias SamuelssonD0110444124:033:5810:0000% 0
Oskari LaaksonenD0000031018:084:0011:2100% 0
Patrick BrownC/RW000101207:120:4000:0000% 0
Riley TufteLW011102206:320:0000:0000% 0
Robbie RussoD0000020014:571:1900:5100% 0
Ross JohnstonLW011-1015018:103:0410:28050% 2
Sam AnasC/RW000-1010012:170:4000:0000% 0
Sean MaloneC101101306:320:0000:00082% 11
Tanner Fritz C/LW/RW0110024022:445:2502:00035% 34
Turner ElsonC/LW/RW000-1002112:240:4700:00063% 16
Moose
Player Name POS G A P +/- PIM HIT SHT SB MP PP MP PP SHT PK MP PK SHT FO% FOT
Alec RegulaD0000000315:280:3400:0200% 0
Alex Barre-BouletC/LW/RW0001003011:310:0000:00071% 14
Cameron SchillingD1011022219:370:5704:1700% 0
Damien GirouxC/LW000-2003017:490:3800:00041% 17
Derrick PouliotD0221002220:071:2104:2300% 0
Filip ChlapikC/LW112220208:090:0000:00033% 12
Fredrik ClaessonD0220421022:451:0702:4900% 0
Isaac RatcliffeLW011202118:100:0000:0000% 0
Jacob NilssonC/LW000-1012015:131:2103:20047% 17
Jake VirtanenRW0110252026:071:2105:16138% 8
Jordan MartinookC/LW011100004:271:1300:00050% 6
Mathieu OlivierLW/RW112-1272019:091:1700:0000% 1
Nikita ScherbakLW/RW000-1013021:481:1712:38033% 6
Patrick MaroonLW000000000:220:0000:2200% 0
Pierre EngvallLW/RW1011006025:450:4706:16040% 5
Remi ElieLW1011002012:110:0000:400100% 1
Thomas Hickey D1010002225:231:1715:1500% 0
Xavier OuelletD0220030016:380:0001:4600% 0



Play-by-Play

1st period


0:01 of 1st period - Jacob Nilsson wins face-off versus Tanner Fritz in neutral zone.
0:26 of 1st period - Shot by Andrew Agozzino.
0:26 of 1st period - Shot Blocked by Thomas Hickey .
1:01 of 1st period - Derrick Pouliot is hit by Andrew Peeke and loses puck.
1:11 of 1st period - Damien Giroux is hit by Andrew Peeke and loses puck.
3:08 of 1st period - Shot by Sean Malone.
3:08 of 1st period - Stopped by Kaden Fulcher with a rebound.
3:10 of 1st period - Shot by Riley Tufte.
3:10 of 1st period - Stopped by Kaden Fulcher without a rebound.
3:11 of 1st period - Damien Giroux wins face-off versus Tanner Fritz in Moose zone.
4:11 of 1st period - Shot by Pierre Engvall.
4:11 of 1st period - Stopped by Alex Starlock with a rebound.
4:13 of 1st period - Shot by Pierre Engvall.
4:13 of 1st period - Shot Blocked by Kyle Okposo.
4:15 of 1st period - Shot by Filip Chlapik.
4:15 of 1st period - Shot Misses the Net.
4:17 of 1st period - Shot by Thomas Hickey .
4:17 of 1st period - Shot Blocked by Andrew Peeke.
4:19 of 1st period - Shot by Pierre Engvall.
4:19 of 1st period - Stopped by Alex Starlock without a rebound.
4:20 of 1st period - Cameron Hughes wins face-off versus Jacob Nilsson in Americans zone.
4:38 of 1st period - Shot by Matt Lorito.
4:38 of 1st period - Goal by Matt Lorito - Americans : 1 - Moose : 0.
4:39 of 1st period - Turner Elson wins face-off versus Damien Giroux in neutral zone.
4:43 of 1st period - Minor Penalty to Fredrik Claesson for Interference.
4:44 of 1st period - Cameron Hughes wins face-off versus Jake Virtanen in Moose zone.
4:45 of 1st period - Shot by Ross Johnston.
4:45 of 1st period - Stopped by Kaden Fulcher without a rebound.
4:46 of 1st period - Cameron Hughes wins face-off versus Jake Virtanen in Moose zone.
5:04 of 1st period - Shot by Cameron Hughes.
5:04 of 1st period - Shot Misses the Net.
5:06 of 1st period - Shot by Oskari Laaksonen.
5:06 of 1st period - Shot Misses the Net.
5:08 of 1st period - Shot by Ross Johnston.
5:08 of 1st period - Shot Misses the Net.
5:58 of 1st period - Shot by Andrew Agozzino.
5:58 of 1st period - Shot Misses the Net.
6:00 of 1st period - Shot by Kyle Okposo.
6:00 of 1st period - Shot Blocked by Cameron Schilling.
6:02 of 1st period - Shot by Andrew Peeke.
6:02 of 1st period - Stopped by Kaden Fulcher without a rebound.
6:03 of 1st period - Nikita Scherbak wins face-off versus Cameron Hughes in Moose zone.
6:48 of 1st period - Shot by Kyle Rau.
6:48 of 1st period - Stopped by Kaden Fulcher with a rebound.
7:11 of 1st period - Sam Anas is hit by Xavier Ouellet and loses puck.
7:20 of 1st period - Shot by Kyle Rau.
7:20 of 1st period - Stopped by Kaden Fulcher with a rebound.
7:35 of 1st period - Icing by Joseph Duszak.
7:36 of 1st period - Alex Barre-Boulet wins face-off versus Sean Malone in Americans zone.
7:56 of 1st period - Jake Virtanen is hit by Patrick Brown and loses puck.
8:02 of 1st period - Icing by Jake Virtanen.
8:03 of 1st period - Alex Barre-Boulet wins face-off versus Tanner Fritz in Moose zone.
8:14 of 1st period - Shot by Alex Barre-Boulet.
8:14 of 1st period - Stopped by Alex Starlock without a rebound.
8:15 of 1st period - Cameron Hughes wins face-off versus Filip Chlapik in Americans zone.
8:42 of 1st period - Shot by Ross Johnston.
8:42 of 1st period - Shot Misses the Net.
8:47 of 1st period - Icing by Filip Chlapik.
8:48 of 1st period - Tanner Fritz wins face-off versus Filip Chlapik in Moose zone.
8:53 of 1st period - Shot by Andrew Agozzino.
8:53 of 1st period - Stopped by Kaden Fulcher with a rebound.
8:55 of 1st period - Shot by Andrew Agozzino.
8:55 of 1st period - Stopped by Kaden Fulcher with a rebound.
8:57 of 1st period - Shot by Tanner Fritz .
8:57 of 1st period - Stopped by Kaden Fulcher without a rebound.
8:58 of 1st period - Turner Elson wins face-off versus Nikita Scherbak in Moose zone.
9:30 of 1st period - Shot by Turner Elson.
9:30 of 1st period - Stopped by Kaden Fulcher without a rebound.
9:31 of 1st period - Tanner Fritz wins face-off versus Jacob Nilsson in Moose zone.
10:02 of 1st period - Shot by Tanner Fritz .
10:02 of 1st period - Stopped by Kaden Fulcher without a rebound.
10:03 of 1st period - Damien Giroux wins face-off versus Cameron Hughes in Moose zone.
10:54 of 1st period - Shot by Jake Virtanen.
10:54 of 1st period - Shot Hit the Post.
11:20 of 1st period - Shot by Pierre Engvall.
11:20 of 1st period - Shot Misses the Net.
11:22 of 1st period - Shot by Jake Virtanen.
11:22 of 1st period - Shot Misses the Net.
12:04 of 1st period - Shot by Remi Elie.
12:04 of 1st period - Shot Misses the Net.
12:06 of 1st period - Shot by Cameron Schilling.
12:06 of 1st period - Stopped by Alex Starlock without a rebound.
12:07 of 1st period - Tanner Fritz wins face-off versus Damien Giroux in Americans zone.
12:07 of 1st period - Kyle Okposo is hit by Mathieu Olivier.
12:10 of 1st period - Robbie Russo is hit by Fredrik Claesson and loses puck.
12:22 of 1st period - Minor Penalty to Fredrik Claesson for High sticking.
12:23 of 1st period - Andrew Agozzino wins face-off versus Jake Virtanen in Moose zone.
12:52 of 1st period - Shot by Kyle Okposo.
12:52 of 1st period - Shot Blocked by Derrick Pouliot.
13:20 of 1st period - Shot by Oskari Laaksonen.
13:20 of 1st period - Stopped by Kaden Fulcher without a rebound.
13:21 of 1st period - Turner Elson wins face-off versus Nikita Scherbak in Moose zone.
14:00 of 1st period - Andrew Peeke is hit by Nikita Scherbak.
14:01 of 1st period - Icing by Andrew Peeke.
14:02 of 1st period - Pierre Engvall wins face-off versus Tanner Fritz in Americans zone.
14:05 of 1st period - Shot by Jake Virtanen.
14:05 of 1st period - Stopped by Alex Starlock with a rebound.
14:15 of 1st period - Shot by Jake Virtanen.
14:15 of 1st period - Shot Misses the Net.
14:33 of 1st period - Shot by Sean Malone.
14:33 of 1st period - Goal by Sean Malone - Americans : 2 - Moose : 0.
14:34 of 1st period - Alex Barre-Boulet wins face-off versus Turner Elson in neutral zone.
14:41 of 1st period - Shot by Jake Virtanen.
14:41 of 1st period - Stopped by Alex Starlock without a rebound.
14:42 of 1st period - Damien Giroux wins face-off versus Turner Elson in Americans zone.
14:46 of 1st period - Icing by Mattias Samuelsson.
14:47 of 1st period - Turner Elson wins face-off versus Damien Giroux in Americans zone.
14:47 of 1st period - Turner Elson is hit by Mathieu Olivier.
14:55 of 1st period - Icing by Mathieu Olivier.
14:56 of 1st period - Damien Giroux wins face-off versus Tanner Fritz in Moose zone.
14:56 of 1st period - Damien Giroux is hit by Andrew Agozzino.
15:24 of 1st period - Mathieu Olivier is hit by Andrew Peeke and loses puck.
15:32 of 1st period - Andrew Agozzino is hit by Cameron Schilling and loses puck.
16:14 of 1st period - Icing by Fredrik Claesson.
16:15 of 1st period - Turner Elson wins face-off versus Jacob Nilsson in Moose zone.
17:48 of 1st period - Kyle Rau is hit by Mathieu Olivier and loses puck.
18:14 of 1st period - Minor Penalty to Mathieu Olivier for Interference.
18:15 of 1st period - Jake Virtanen wins face-off versus Tanner Fritz in Moose zone.
18:50 of 1st period - Shot by Tanner Fritz .
18:50 of 1st period - Shot Misses the Net.
19:40 of 1st period - Cameron Schilling is hit by Ross Johnston and loses puck.
19:59 of 1st period - Shot by Joseph Duszak.
19:59 of 1st period - Stopped by Kaden Fulcher without a rebound.
Goals for this period are 2 for Americans vs 0 for Moose.
Shots for this period are 15 for Americans vs 6 for Moose.

2nd period


0:01 of 2nd period - Tanner Fritz wins face-off versus Jake Virtanen in neutral zone.
0:17 of 2nd period - Shot by Matt Lorito.
0:17 of 2nd period - Stopped by Kaden Fulcher without a rebound.
0:18 of 2nd period - Cameron Hughes wins face-off versus Jacob Nilsson in Moose zone.
0:18 of 2nd period - Joseph Duszak is hit by Fredrik Claesson and loses puck.
0:43 of 2nd period - Mattias Samuelsson is hit by Jake Virtanen and loses puck.
1:49 of 2nd period - Shot by Andrew Agozzino.
1:49 of 2nd period - Stopped by Kaden Fulcher with a rebound.
1:51 of 2nd period - Shot by Kyle Okposo.
1:51 of 2nd period - Stopped by Kaden Fulcher without a rebound.
1:52 of 2nd period - Sean Malone wins face-off versus Alex Barre-Boulet in Moose zone.
1:56 of 2nd period - Icing by Alec Regula.
1:57 of 2nd period - Alex Barre-Boulet wins face-off versus Tanner Fritz in Moose zone.
3:16 of 2nd period - Riley Tufte is hit by Mathieu Olivier and loses puck.
3:29 of 2nd period - Shot by Derrick Pouliot.
3:29 of 2nd period - Stopped by Alex Starlock without a rebound.
3:30 of 2nd period - Turner Elson wins face-off versus Filip Chlapik in Americans zone.
3:43 of 2nd period - Shot by Pierre Engvall.
3:43 of 2nd period - Shot Blocked by Mattias Samuelsson.
4:59 of 2nd period - Icing by Tanner Fritz .
5:00 of 2nd period - Alex Barre-Boulet wins face-off versus Tanner Fritz in Americans zone.
5:03 of 2nd period - Shot by Jake Virtanen.
5:03 of 2nd period - Deflect By Remi Elie.
5:03 of 2nd period - Shot Misses the Net.
5:15 of 2nd period - Shot by Kyle Okposo.
5:15 of 2nd period - Shot Misses the Net.
5:17 of 2nd period - Shot by Kyle Okposo.
5:17 of 2nd period - Stopped by Kaden Fulcher without a rebound.
5:18 of 2nd period - Jacob Nilsson wins face-off versus Cameron Hughes in Moose zone.
5:49 of 2nd period - Shot by Pierre Engvall.
5:49 of 2nd period - Shot Misses the Net.
5:51 of 2nd period - Shot by Pierre Engvall.
5:51 of 2nd period - Shot Misses the Net.
5:53 of 2nd period - Shot by Jacob Nilsson.
5:53 of 2nd period - Stopped by Alex Starlock without a rebound.
5:54 of 2nd period - Tanner Fritz wins face-off versus Damien Giroux in Americans zone.
6:30 of 2nd period - Shot by Andrew Agozzino.
6:30 of 2nd period - Goal by Andrew Agozzino - Americans : 3 - Moose : 0.
6:31 of 2nd period - Sean Malone wins face-off versus Filip Chlapik in neutral zone.
6:33 of 2nd period - Joseph Duszak is hit by Isaac Ratcliffe and loses puck.
7:15 of 2nd period - Icing by Alec Regula.
7:16 of 2nd period - Cameron Hughes wins face-off versus Filip Chlapik in Moose zone.
7:20 of 2nd period - Ross Johnston is hit by Xavier Ouellet and loses puck.
7:55 of 2nd period - Shot by Ross Johnston.
7:55 of 2nd period - Stopped by Kaden Fulcher without a rebound.
7:56 of 2nd period - Alex Barre-Boulet wins face-off versus Tanner Fritz in Moose zone.
8:10 of 2nd period - Cole Hults is hit by Jake Virtanen and loses puck.
8:23 of 2nd period - Shot by Kyle Okposo.
8:23 of 2nd period - Shot Misses the Net.
9:04 of 2nd period - Mattias Samuelsson is hit by Mathieu Olivier and loses puck.
9:18 of 2nd period - Nikita Scherbak is hit by Mattias Samuelsson and loses puck.
9:24 of 2nd period - Nikita Scherbak is hit by Mattias Samuelsson and loses puck.
9:42 of 2nd period - Icing by Fredrik Claesson.
9:43 of 2nd period - Cameron Hughes wins face-off versus Pierre Engvall in Moose zone.
9:46 of 2nd period - Shot by Ross Johnston.
9:46 of 2nd period - Shot Misses the Net.
9:48 of 2nd period - Shot by Cameron Hughes.
9:48 of 2nd period - Shot Misses the Net.
9:50 of 2nd period - Shot by Ross Johnston.
9:50 of 2nd period - Shot Misses the Net.
9:52 of 2nd period - Shot by Matt Lorito.
9:52 of 2nd period - Stopped by Kaden Fulcher without a rebound.
9:53 of 2nd period - Alex Barre-Boulet wins face-off versus Sean Malone in Moose zone.
9:53 of 2nd period - Alex Barre-Boulet is hit by Riley Tufte.
10:00 of 2nd period - Alec Regula is hit by Oskari Laaksonen and loses puck.
10:12 of 2nd period - Remi Elie is hit by Oskari Laaksonen and loses puck.
10:55 of 2nd period - Shot by Kyle Okposo.
10:55 of 2nd period - Shot Blocked by Alec Regula.
10:57 of 2nd period - Shot by Kyle Okposo.
10:57 of 2nd period - Shot Blocked by Alec Regula.
11:26 of 2nd period - Icing by Alec Regula.
11:27 of 2nd period - Cameron Hughes wins face-off versus Alex Barre-Boulet in Moose zone.
11:46 of 2nd period - Shot by Ross Johnston.
11:46 of 2nd period - Stopped by Kaden Fulcher with a rebound.
11:48 of 2nd period - Shot by Cameron Hughes.
11:48 of 2nd period - Shot Misses the Net.
11:50 of 2nd period - Shot by Mattias Samuelsson.
11:50 of 2nd period - Stopped by Kaden Fulcher with a rebound.
11:52 of 2nd period - Shot by Matt Lorito.
11:52 of 2nd period - Deflect By Ross Johnston.
11:52 of 2nd period - Stopped by Kaden Fulcher with a rebound.
11:56 of 2nd period - Shot by Mattias Samuelsson.
11:56 of 2nd period - Stopped by Kaden Fulcher without a rebound.
11:57 of 2nd period - Turner Elson wins face-off versus Nikita Scherbak in Moose zone.
12:11 of 2nd period - Thomas Hickey is hit by Robbie Russo and loses puck.
12:25 of 2nd period - Nikita Scherbak is hit by Robbie Russo and loses puck.
12:30 of 2nd period - Shot by Damien Giroux.
12:30 of 2nd period - Stopped by Alex Starlock without a rebound.
12:31 of 2nd period - Filip Chlapik wins face-off versus Tanner Fritz in Americans zone.
12:44 of 2nd period - Andrew Agozzino is hit by Isaac Ratcliffe and loses puck.
12:53 of 2nd period - Shot by Filip Chlapik.
12:53 of 2nd period - Stopped by Alex Starlock without a rebound.
12:54 of 2nd period - Cameron Hughes wins face-off versus Damien Giroux in Americans zone.
13:07 of 2nd period - Shot by Cameron Hughes.
13:07 of 2nd period - Stopped by Kaden Fulcher with a rebound.
13:11 of 2nd period - Shot by Cameron Hughes.
13:11 of 2nd period - Goal by Cameron Hughes - Americans : 4 - Moose : 0.
13:12 of 2nd period - Filip Chlapik wins face-off versus Tanner Fritz in neutral zone.
13:29 of 2nd period - Shot by Filip Chlapik.
13:29 of 2nd period - Goal by Filip Chlapik - Americans : 4 - Moose : 1.
13:30 of 2nd period - Cameron Hughes wins face-off versus Damien Giroux in neutral zone.
14:17 of 2nd period - Minor Penalty to Filip Chlapik for Tripping.
14:18 of 2nd period - Jake Virtanen wins face-off versus Tanner Fritz in Moose zone.
14:18 of 2nd period - Jake Virtanen is hit by Andrew Agozzino.
14:45 of 2nd period - Shot by Andrew Agozzino.
14:45 of 2nd period - Shot Blocked by Cameron Schilling.
14:47 of 2nd period - Shot by Mattias Samuelsson.
14:47 of 2nd period - Shot Misses the Net.
14:49 of 2nd period - Shot by Mattias Samuelsson.
14:49 of 2nd period - Stopped by Kaden Fulcher without a rebound.
14:50 of 2nd period - Cameron Hughes wins face-off versus Jake Virtanen in Moose zone.
14:51 of 2nd period - Shot by Joseph Duszak.
14:51 of 2nd period - Stopped by Kaden Fulcher with a rebound.
14:53 of 2nd period - Shot by Cameron Hughes.
14:53 of 2nd period - Stopped by Kaden Fulcher without a rebound.
14:54 of 2nd period - Jake Virtanen wins face-off versus Tanner Fritz in Moose zone.
16:18 of 2nd period - Ross Johnston is hit by Xavier Ouellet and loses puck.
16:50 of 2nd period - Damien Giroux is hit by Oskari Laaksonen and loses puck.
16:54 of 2nd period - Icing by Robbie Russo.
16:55 of 2nd period - Turner Elson wins face-off versus Pierre Engvall in Americans zone.
17:07 of 2nd period - Shot by Isaac Ratcliffe.
17:07 of 2nd period - Stopped by Alex Starlock without a rebound.
17:08 of 2nd period - Alex Barre-Boulet wins face-off versus Cameron Hughes in Americans zone.
17:19 of 2nd period - Shot by Derrick Pouliot.
17:19 of 2nd period - Stopped by Alex Starlock without a rebound.
17:20 of 2nd period - Sean Malone wins face-off versus Filip Chlapik in Americans zone.
17:42 of 2nd period - Shot by Sean Malone.
17:42 of 2nd period - Deflect By Riley Tufte.
17:42 of 2nd period - Stopped by Kaden Fulcher without a rebound.
17:43 of 2nd period - Cameron Hughes wins face-off versus Alex Barre-Boulet in Moose zone.
18:45 of 2nd period - Shot by Damien Giroux.
18:45 of 2nd period - Stopped by Alex Starlock with a rebound.
18:47 of 2nd period - Shot by Damien Giroux.
18:47 of 2nd period - Stopped by Alex Starlock without a rebound.
18:48 of 2nd period - Tanner Fritz wins face-off versus Filip Chlapik in Americans zone.
19:01 of 2nd period - Shot by Tanner Fritz .
19:01 of 2nd period - Shot Misses the Net.
19:03 of 2nd period - Shot by Andrew Agozzino.
19:03 of 2nd period - Shot Misses the Net.
19:07 of 2nd period - Shot by Andrew Agozzino.
19:07 of 2nd period - Shot Misses the Net.
19:19 of 2nd period - Shot by Andrew Agozzino.
19:19 of 2nd period - Shot Blocked by Alec Regula.
19:21 of 2nd period - Shot by Andrew Agozzino.
19:21 of 2nd period - Shot Blocked by Isaac Ratcliffe.
19:23 of 2nd period - Shot by Andrew Agozzino.
19:23 of 2nd period - Stopped by Kaden Fulcher without a rebound.
19:24 of 2nd period - Turner Elson wins face-off versus Mathieu Olivier in Moose zone.
19:43 of 2nd period - Shot by Turner Elson.
19:43 of 2nd period - Stopped by Kaden Fulcher with a rebound.
19:52 of 2nd period - Shot by Thomas Hickey .
19:52 of 2nd period - Stopped by Alex Starlock without a rebound.
19:53 of 2nd period - Sean Malone wins face-off versus Jacob Nilsson in Americans zone.
Goals for this period are 2 for Americans vs 1 for Moose.
Shots for this period are 19 for Americans vs 10 for Moose.

3rd period


0:01 of 3rd period - Jacob Nilsson wins face-off versus Tanner Fritz in neutral zone.
0:05 of 3rd period - Minor Penalty to Jake Virtanen for Slashing.
0:06 of 3rd period - Remi Elie wins face-off versus Tanner Fritz in Moose zone.
0:43 of 3rd period - Shot by Oskari Laaksonen.
0:43 of 3rd period - Shot Misses the Net.
1:23 of 3rd period - Shot by Joseph Duszak.
1:23 of 3rd period - Shot Misses the Net.
1:25 of 3rd period - Shot by Andrew Peeke.
1:25 of 3rd period - Goal by Andrew Peeke - Americans : 5 - Moose : 1.
1:26 of 3rd period - Damien Giroux wins face-off versus Turner Elson in neutral zone.
1:48 of 3rd period - Shot by Nikita Scherbak.
1:48 of 3rd period - Shot Misses the Net.
1:56 of 3rd period - Icing by Xavier Ouellet.
1:57 of 3rd period - Sean Malone wins face-off versus Damien Giroux in Moose zone.
2:02 of 3rd period - Shot by Sean Malone.
2:02 of 3rd period - Stopped by Kaden Fulcher without a rebound.
2:03 of 3rd period - Jacob Nilsson wins face-off versus Tanner Fritz in Moose zone.
2:18 of 3rd period - Kyle Okposo is hit by Jake Virtanen.
2:31 of 3rd period - Off-side.
2:32 of 3rd period - Damien Giroux wins face-off versus Cameron Hughes in neutral zone.
2:37 of 3rd period - Shot by Mathieu Olivier.
2:37 of 3rd period - Stopped by Alex Starlock with a rebound.
2:39 of 3rd period - Shot by Cameron Schilling.
2:39 of 3rd period - Goal by Cameron Schilling - Americans : 5 - Moose : 2.
2:40 of 3rd period - Matt Lorito wins face-off versus Damien Giroux in neutral zone.
2:44 of 3rd period - Cameron Hughes is hit by Cameron Schilling and loses puck.
2:55 of 3rd period - Shot by Ross Johnston.
2:55 of 3rd period - Stopped by Kaden Fulcher without a rebound.
2:56 of 3rd period - Jacob Nilsson wins face-off versus Tanner Fritz in Moose zone.
3:14 of 3rd period - Fredrik Claesson is hit by Joseph Duszak and loses puck.
3:52 of 3rd period - Shot by Damien Giroux.
3:52 of 3rd period - Shot Misses the Net.
4:00 of 3rd period - Nikita Scherbak is hit by Tanner Fritz and loses puck.
4:25 of 3rd period - Shot by Mathieu Olivier.
4:25 of 3rd period - Shot Misses the Net.
4:35 of 3rd period - Shot by Alex Barre-Boulet.
4:35 of 3rd period - Stopped by Alex Starlock without a rebound.
4:36 of 3rd period - Sean Malone wins face-off versus Filip Chlapik in Americans zone.
4:41 of 3rd period - Pierre Engvall is hit by Sean Malone and loses puck.
4:45 of 3rd period - Icing by Xavier Ouellet.
4:46 of 3rd period - Filip Chlapik wins face-off versus Turner Elson in Moose zone.
4:53 of 3rd period - Shot by Filip Chlapik.
4:53 of 3rd period - Shot Misses the Net.
5:48 of 3rd period - Shot by Remi Elie.
5:48 of 3rd period - Goal by Remi Elie - Americans : 5 - Moose : 3.
5:49 of 3rd period - Sean Malone wins face-off versus Damien Giroux in neutral zone.
5:54 of 3rd period - Shot by Patrick Brown.
5:54 of 3rd period - Stopped by Kaden Fulcher without a rebound.
5:55 of 3rd period - Tanner Fritz wins face-off versus Nikita Scherbak in Moose zone.
5:56 of 3rd period - Shot by Andrew Agozzino.
5:56 of 3rd period - Shot Misses the Net.
5:58 of 3rd period - Shot by Kyle Okposo.
5:58 of 3rd period - Shot Misses the Net.
6:00 of 3rd period - Shot by Mattias Samuelsson.
6:00 of 3rd period - Shot Misses the Net.
6:02 of 3rd period - Shot by Andrew Agozzino.
6:02 of 3rd period - Stopped by Kaden Fulcher without a rebound.
6:03 of 3rd period - Alex Barre-Boulet wins face-off versus Tanner Fritz in Moose zone.
6:20 of 3rd period - Fredrik Claesson is hit by Tanner Fritz and loses puck.
6:31 of 3rd period - Shot by Alex Barre-Boulet.
6:31 of 3rd period - Stopped by Alex Starlock with a rebound.
7:04 of 3rd period - Shot by Nikita Scherbak.
7:04 of 3rd period - Stopped by Alex Starlock without a rebound.
7:05 of 3rd period - Filip Chlapik wins face-off versus Cameron Hughes in Americans zone.
7:46 of 3rd period - Shot by Pierre Engvall.
7:46 of 3rd period - Goal by Pierre Engvall - Americans : 5 - Moose : 4.
7:47 of 3rd period - Sean Malone wins face-off versus Damien Giroux in neutral zone.
7:47 of 3rd period - Sean Malone is hit by Mathieu Olivier.
8:06 of 3rd period - Icing by Oskari Laaksonen.
8:07 of 3rd period - Sean Malone wins face-off versus Alex Barre-Boulet in Americans zone.
8:11 of 3rd period - Oskari Laaksonen is hit by Jake Virtanen.
8:33 of 3rd period - Shot by Fredrik Claesson.
8:33 of 3rd period - Stopped by Alex Starlock without a rebound.
8:34 of 3rd period - Damien Giroux wins face-off versus Tanner Fritz in Americans zone.
8:36 of 3rd period - Mathieu Olivier is hit by Mattias Samuelsson and loses puck.
8:43 of 3rd period - Mathieu Olivier is hit by Andrew Agozzino and loses puck.
8:52 of 3rd period - Shot by Tanner Fritz .
8:52 of 3rd period - Stopped by Kaden Fulcher without a rebound.
8:53 of 3rd period - Jacob Nilsson wins face-off versus Cameron Hughes in Moose zone.
9:02 of 3rd period - Shot by Jake Virtanen.
9:02 of 3rd period - Shot Misses the Net.
9:54 of 3rd period - Shot by Andrew Agozzino.
9:54 of 3rd period - Stopped by Kaden Fulcher with a rebound.
11:00 of 3rd period - Shot by Damien Giroux.
11:00 of 3rd period - Shot Blocked by Turner Elson.
12:34 of 3rd period - Shot by Pierre Engvall.
12:34 of 3rd period - Stopped by Alex Starlock with a rebound.
12:36 of 3rd period - Shot by Cameron Schilling.
12:36 of 3rd period - Shot Misses the Net.
12:38 of 3rd period - Shot by Pierre Engvall.
12:38 of 3rd period - Shot Hit the Post.
13:19 of 3rd period - Mathieu Olivier is hit by Riley Tufte and loses puck.
13:59 of 3rd period - Minor Penalty to Mattias Samuelsson for Cross-checking.
14:00 of 3rd period - Tanner Fritz wins face-off versus Jacob Nilsson in Americans zone.
14:23 of 3rd period - Shot by Pierre Engvall.
14:23 of 3rd period - Shot Blocked by Andrew Peeke.
14:25 of 3rd period - Shot by Jake Virtanen.
14:25 of 3rd period - Shot Blocked by Andrew Peeke.
14:36 of 3rd period - Off-side.
14:37 of 3rd period - Tanner Fritz wins face-off versus Jacob Nilsson in neutral zone.
15:16 of 3rd period - Shot by Damien Giroux.
15:16 of 3rd period - Shot Misses the Net.
15:18 of 3rd period - Shot by Thomas Hickey .
15:18 of 3rd period - Shot Blocked by Joseph Duszak.
15:20 of 3rd period - Shot by Nikita Scherbak.
15:20 of 3rd period - Stopped by Alex Starlock without a rebound.
15:21 of 3rd period - Nikita Scherbak wins face-off versus Ross Johnston in Americans zone.
15:32 of 3rd period - Shot by Fredrik Claesson.
15:32 of 3rd period - Shot Misses the Net.
15:47 of 3rd period - Damien Giroux is hit by Andrew Peeke and loses puck.
15:48 of 3rd period - Damien Giroux from Moose is injured at 15:48 of 3rd period (Concussion).
15:49 of 3rd period - Jacob Nilsson wins face-off versus Kyle Rau in Americans zone.
15:51 of 3rd period - Jake Virtanen is hit by Cole Hults.
15:55 of 3rd period - Shot by Jake Virtanen.
15:55 of 3rd period - Shot Blocked by Cole Hults.
16:13 of 3rd period - Shot by Patrick Brown.
16:13 of 3rd period - Shot Misses the Net.
16:17 of 3rd period - Shot by Patrick Brown.
16:17 of 3rd period - Stopped by Kaden Fulcher without a rebound.
16:18 of 3rd period - Alex Barre-Boulet wins face-off versus Turner Elson in Moose zone.
16:33 of 3rd period - Shot by Remi Elie.
16:33 of 3rd period - Stopped by Alex Starlock without a rebound.
16:34 of 3rd period - Jordan Martinook wins face-off versus Cameron Hughes in Americans zone.
16:34 of 3rd period - Jordan Martinook is hit by Mattias Samuelsson.
16:35 of 3rd period - Minor Penalty to Mattias Samuelsson for Cross-checking.
16:36 of 3rd period - Tanner Fritz wins face-off versus Jordan Martinook in Americans zone.
16:36 of 3rd period - Tanner Fritz is hit by Mathieu Olivier.
16:45 of 3rd period - Icing by Jordan Martinook.
16:46 of 3rd period - Jordan Martinook wins face-off versus Tanner Fritz in Moose zone.
17:12 of 3rd period - Shot by Fredrik Claesson.
17:12 of 3rd period - Shot Blocked by Andrew Agozzino.
17:14 of 3rd period - Shot by Thomas Hickey .
17:14 of 3rd period - Goal by Thomas Hickey - Americans : 5 - Moose : 5.
17:15 of 3rd period - Ross Johnston wins face-off versus Jacob Nilsson in neutral zone.
17:15 of 3rd period - Joseph Duszak is hit by Jacob Nilsson and loses puck.
17:20 of 3rd period - Joseph Duszak is hit by Jake Virtanen and loses puck.
17:37 of 3rd period - Shot by Jacob Nilsson.
17:37 of 3rd period - Stopped by Alex Starlock without a rebound.
17:38 of 3rd period - Turner Elson wins face-off versus Jordan Martinook in Americans zone.
17:57 of 3rd period - Shot by Mathieu Olivier.
17:57 of 3rd period - Goal by Mathieu Olivier - Americans : 5 - Moose : 6.
17:58 of 3rd period - Tanner Fritz wins face-off versus Jacob Nilsson in neutral zone.
18:07 of 3rd period - Shot by Andrew Agozzino.
18:07 of 3rd period - Shot Misses the Net.
18:17 of 3rd period - Shot by Kyle Okposo.
18:17 of 3rd period - Shot Blocked by Thomas Hickey .
18:19 of 3rd period - Shot by Mattias Samuelsson.
18:19 of 3rd period - Stopped by Kaden Fulcher with a rebound.
18:21 of 3rd period - Shot by Kyle Okposo.
18:21 of 3rd period - Stopped by Kaden Fulcher without a rebound.
18:22 of 3rd period - Cameron Hughes wins face-off versus Jordan Martinook in Moose zone.
18:23 of 3rd period - Shot by Matt Lorito.
18:23 of 3rd period - Shot Blocked by Derrick Pouliot.
18:30 of 3rd period - Icing by Mathieu Olivier.
18:31 of 3rd period - Jordan Martinook wins face-off versus Turner Elson in Moose zone.
18:31 of 3rd period - Jordan Martinook is hit by Sam Anas.
18:41 of 3rd period - Shot by Derrick Pouliot.
18:41 of 3rd period - Deflect By Nikita Scherbak.
18:41 of 3rd period - Stopped by Alex Starlock without a rebound.
18:42 of 3rd period - Pierre Engvall wins face-off versus Tanner Fritz in Americans zone.
18:49 of 3rd period - Shot by Pierre Engvall.
18:49 of 3rd period - Stopped by Alex Starlock without a rebound.
18:50 of 3rd period - Jacob Nilsson wins face-off versus Tanner Fritz in Americans zone.
19:15 of 3rd period - Shot by Pierre Engvall.
19:15 of 3rd period - Stopped by Alex Starlock without a rebound.
19:16 of 3rd period - Tanner Fritz wins face-off versus Pierre Engvall in Americans zone.
19:29 of 3rd period - Americans, Alex Starlock is pulled from the net.
19:40 of 3rd period - Shot by Tanner Fritz .
19:40 of 3rd period - Shot Hit the Post.
19:52 of 3rd period - Shot by Andrew Agozzino.
19:52 of 3rd period - Stopped by Kaden Fulcher with a rebound.
19:54 of 3rd period - Shot by Tanner Fritz .
19:54 of 3rd period - Stopped by Kaden Fulcher with a rebound.
Goals for this period are 1 for Americans vs 5 for Moose.
Shots for this period are 12 for Americans vs 17 for Moose.